 Dungeon Crawl Stone Soup version 0.16-a0-1686-g94d8484 (webtiles) character file.

33 Psiweapon the Twirler (level 3, -6/21 HPs)
             Began as a Tengu Gladiator on Oct 28, 2014.
             Mangled by a centaur (9 damage)
             ... on level 3 of the Dungeon.
             The game lasted 00:08:11 (2312 turns).

Psiweapon the Twirler (Tengu Gladiator)             Turns: 2312, Time: 00:08:11

Health: -6/21      AC:  4    Str: 16    XL:     3   Next: 29%
Magic:  4/4        EV: 13    Int:  8    God:
Gold:   153        SH:  0    Dex: 15    Spells: 0 memorised, 2 levels left

rFire  . . .     SeeInvis .     a - +0 quarterstaff
rCold  . . .     Clarity  .     u - +1 robe {MR+}
rNeg   . . .     SustAb   .     (no shield)
rPois  .         Gourm    .     c - +0 hat
rElec  .         Spirit   .     (no cloak)
rCorr  .         Warding  .     t - +0 pair of gloves
rMut   .         Stasis   .     (boots unavailable)
MR     +....                    (no amulet)
Stlth  +.........               x - cursed +1 ring of strength
                                h - ring of flight

@: somewhat resistant to hostile enchantments, very unstealthy
A: beak, talons 3
a: Evoke Flight


You were on level 3 of the Dungeon.
You were hungry.

You visited 1 branch of the dungeon, and saw 3 of its levels.

You collected 153 gold pieces.

Inventory:

Hand weapons
 a - a +0 quarterstaff (weapon)
 j - a +0 hunting sling
 A - a +0 blowgun
Missiles
 k - 28 stones (quivered)
 m - 2 tomahawks
 p - 28 bolts
 y - 22 sling bullets
 B - 9 poisoned needles
Armour
 b - a +0 leather armour
 c - a +0 hat (worn)
 o - a +0 ring mail
 t - a +0 pair of gloves (worn)
 u - a +1 robe of magic resistance (worn)
Jewellery
 h - a ring of flight (left hand)
 x - a cursed +1 ring of strength (right hand)
Scrolls
 e - 4 scrolls of identify {unknown}
 g - a scroll of enchant armour {unknown}
 i - 2 scrolls of remove curse {unknown}
 n - a scroll of recharging {unknown}
 s - 2 scrolls of immolation {unknown}
 v - 2 scrolls of fog {unknown}
 C - 3 scrolls of teleportation {unknown}
Potions
 l - a potion of curing {unknown}
 q - a potion of mutation {unknown}
 r - 2 potions of haste {unknown}
 w - a potion of resistance {unknown}
 z - 2 potions of heal wounds {unknown}
Comestibles
 f - 4 bread rations


   Skills:
 - Level 2.0 Fighting
 + Level 4.7 Staves
 - Level 2.1 Throwing
 - Level 3.2 Dodging


You had 2 spell levels left.
You didn't know any spells.

Dungeon Overview and Level Annotations

Branches:
Dungeon (3/15)

Altars:
Zin

Annotations:
D:2 exclusion: worm


Innate Abilities, Weirdness & Mutations

You have a beak for a mouth.
You have claws for feet.


Message History

Aim: a centaur You throw a throwing net.
The throwing net closely misses the centaur.
The centaur misses you.
You hit the centaur but do no damage. Your kick misses the centaur.
You peck the centaur.
The centaur is lightly wounded.
The centaur hits you. x2
* * * LOW HITPOINT WARNING * * *
You barely miss the centaur. You peck the centaur, but do no damage.
The centaur is lightly wounded.
The centaur closely misses you. x2
You hit the centaur.
The centaur is moderately wounded.
The centaur misses you.
You barely miss the centaur. You claw the centaur, but do no damage.
You peck the centaur, but do no damage.
The centaur is moderately wounded.
The centaur hits you!
You die...

## ###.. #####
####...+ #..(######
##.##.#.#
#.#.(....###...#.#.#
#..@####.##........#
##c## #...........#
#.# ######.###..#
#.# #.# #..# #.# #.#
##.# #.# #+# #.# ...
#.+ ... #.. ... ###


You could see a centaur.

Vanquished Creatures
  An adder (D:3)
  A giant cockroach (D:3)
  2 goblins
  2 hobgoblins (D:1)
  A ball python (D:1)
  3 bats
  2 giant geckos (D:1)
  4 giant newts
  8 kobolds
  4 rats
28 creatures vanquished.

Notes
Turn   | Place    | Note
--------------------------------------------------------------
     0 | D:1      | Psiweapon, the Tengu Gladiator, began the quest for the Orb.
     0 | D:1      | Reached XP level 1. HP: 12/12 MP: 1/1
   456 | D:1      | Reached XP level 2. HP: 17/17 MP: 3/3
   613 | D:1      | Reached skill level 4 in Staves
  1472 | D:2      | Found a glowing silver altar of Zin.
  1802 | D:3      | Reached XP level 3. HP: 21/21 MP: 4/4
  2299 | D:3      | Noticed a centaur
  2312 | D:3      | Mangled by a centaur

Action                   || total
-------------------------++-------
Melee: Quarterstaff      ||    48
 Fire: Hunting sling     ||     7
Throw: Tomahawk          ||    10
       Throwing net      ||     3
 Stab: Held in net/web   ||     1
  Eat: Chunk             ||     2
       Beef jerky        ||     1
